[Event "Championnat du monde jeunes U10"]
[Date "2024.11.15"]
[White "Dien James"]
[Black "Blekh, Erik"]
[WhiteElo "1513"]
[BlackElo "1790"]
[Round "1.6"]
[Result "0-1"]
[TimeControl "5400+30"]

1. c4 Nf6 2. Nc3 g6 3. Nf3 Bg7 4. g3 b6 5. Bg2 Bb7 6. O-O c5 7. d3 O-O 8. Bd2 h6 9. a3 d6 10. Rb1 Nbd7 11. b4 Rc8 12. a4 Ba8 13. Qc1 Kh7 14. Qa3 Ng4 15. a5 cxb4 16. Rxb4 bxa5 17. Ra4 Nc5 18.
Rxa5 Bxf3 19. exf3 Ne5 20. Rxa7 Nc6 21. Ra6 Nxa6 22. Qxa6 Nb4 23. Qa3 Nxd3 24. Nd5 Ne5 25. Ba5 Qe8 26. c5 Nc4 27. Qb4 Nxa5 28. Qxa5 Rxc5 29. Qd2 e6 30. Ne3 d5 0-1

[Variant "Standard"]
[Site "Europe Echecs"]

[Event "Championnat du monde jeunes U10"]
[Date "2024.11.15"]
[White "Neuschild, Marius"]
[Black "Kaloh, Edvard"]
[WhiteElo "1786"]
[BlackElo "1506"]
[Round "1.7"]
[Result "1-0"]
[TimeControl "5400+30"]

1. e4 c5 2. Nf3 g6 3. d4 cxd4 4. Nxd4 Bg7 5. Nc3 Nc6 6. Be3 e6 7. Ndb5 Bf8 8. Nd6+ Bxd6 9. Qxd6 Qe7 10. Bc5 b6 11. Qxe7+ Ngxe7 12. Bd6 Bb7 13. O-O-O Nc8 14. Bg3 a6 15. Be2 f6 16. Rd2 N6e7 17. Rhd1 d5 18. exd5 Nxd5 19. Nxd5 Bxd5 20. c4 Bxg2 21. Rd8+ Kf7 22. Rxh8 Bc6 23. Rdd8 1-0

[Variant "Standard"]
[Site "Europe Echecs"]

[Event "Championnat du monde jeunes U10"]
[Date "2024.11.15"]
[White "Chen, Pin-Jui"]
[Black "Liu, Liam"]
[WhiteElo "1505"]
[BlackElo "1783"]
[Round "1.8"]
[Result "0-1"]
[TimeControl "5400+30"]

1. e4 c6 2. d4 d5 3. Nd2 dxe4 4. Nxe4 Bf5 5. Ng3 Bg6 6. h4 h6 7. Nf3 Nd7 8. h5 Bh7 9. Bd3 Bxd3 10. Qxd3 e6 11. Bf4 Qa5+ 12. Bd2 Qc7 13. O-O-O Ngf6 14. Ne4 Nxe4 15. Qxe4 Nf6 16. Qe2 O-O-O 17. g3 Bd6 18. Kb1 Rhe8 19. c4 c5 20. Rc1 Qc6 21. Be3 Ng4 22. Rhd1 Qe4+ 23. Ka1 Nxe3 24. fxe3 Bxg3 25. Nd2 Qh7 26. dxc5 Be5 27. Qf3 Qf5 28. Qh1 Rd3 29. c6 Red8 30. cxb7+ Kb8 31. Rf1 Bxb2+ 32. Kxb2 Rxd2+ 33. Kb3 R8d3+ 34. Rc3 Rxc3+ 35. Kxc3 Qd3+ 36. Kb4 Qd6+ 37.
Kc3 a5 0-1

[Variant "Standard"]
[Site "Europe Echecs"]

[Event "Championnat du monde jeunes U10"]
[Date "2024.11.15"]
[White "Akramov, Khusan"]
[Black "Wu, Chenyu"]
[WhiteElo "1782"]
[BlackElo "1503"]
[Round "1.9"]
[Result "1/2-1/2"]
[TimeControl "5400+30"]

1. e4 e5 2. Nf3 Nc6 3. Nc3 Nf6 4. d4 exd4 5. Nxd4 Bb4 6. Nxc6 bxc6 7. Bd3 O-O 8. O-O d5 9. exd5 cxd5 10. Bg5 c6 11. Qf3 Bxc3 12. bxc3 Be6 13. h3 h6 14. Bh4 Rb8 15. Rab1 Qe7 16. Qg3 Rb6 17. Rxb6 axb6 18. Rb1 b5 19. Rb4 Bd7 20. Kh2 Qe6 21. Qf3 Ne8 22. Qe3 Qxe3 23. fxe3 g5 24. Bg3 c5 25. Rb1 c4 26. Be2 Nf6 27. Bf3 Re8 28. Bf2 Ra8 29. Rb2 Ra3 30. Bg3 Bc6 31. Be5 Nd7 32. Bd4 f5 33. g4 fxg4 34. Bxg4 Kf7 35. Bh5+ Ke6 36. Kg3 Nf6 37. Bg4+ Kf7 38. Bf3 Kg6 1/2-1/2

[Variant "Standard"]
[Site "Europe Echecs"]

[Event "Championnat du monde jeunes U10"]
[Date "2024.11.15"]
[White "Kostyukovich, Ivan"]
[Black "Zilincan, Tomas"]
[WhiteElo "1489"]
[BlackElo "1778"]
[Round "1.10"]
[Result "1-0"]
[TimeControl "5400+30"]

1. d4 e6 2. Bf4 d5 3. e3 c5 4. c3 Nf6 5. Nf3 Nc6 6. Bd3 Nh5 7. Bg3 Nxg3 8. hxg3 Bd7 9. Nbd2 Bd6 10. e4 Qb6 11. Qb3 c4 12. Qxb6 axb6 13. Bc2 b5 14. b4 Kd8 15. Ng5 Be8 16. exd5 exd5 17. a3 Ke7 18. f4 f6 19. Ngf3 Bf7 20. Kf2 h6 21. Rhe1+ Kd7 22. Bf5+ Kc7 23. Nf1 Ra7 24. Ra2 g6 25. Be6 Be8 26. Bxd5 Bd7 27. Be6 Bxb4 28. Bxd7 Kxd7 29. d5 Bxc3 30. dxc6+ bxc6 31. Re3 Ba5 32. Ke2 Bb6 33. Rd2+ Kc7 34. Re7+ Kb8 35. Rxa7 Kxa7 36. Rd6 Re8+ 37. Kd1 Bc5 38. Rxc6 Bxa3 39. Kc2 Re2+ 40. Kc3 Bb2+ 41. Kb4 c3 42. Kb3 Rxg2 43. Nd4 Kb7 44. Rc5 Rg1 45. Rxb5+ Ka6 46. Ne3 Rxg3 47. Nc4 c2+ 48. Kxb2 c1=Q+ 49. Kxc1 Rc3+ 50. Kd2 Rxc4 51. Rd5 f5 52. Kd3 Rc7 53. Rd6+ Kb7 54. Rxg6 Kc8 55. Rxh6 Rf7 56. Rh5 Kd7 57. Rxf5 Rh7 58. Ke4 Rh1 59. Rd5+ Ke7 60. Nf5+ Kf6 61. Ne3 Rg1 62. f5 Ra1 63. Rd6+ Ke7 64. Re6+ Kf7 65. Ke5 Re1 66. Kd6 Ra1 67. Nd5 Rd1 68. Re7+ Kf8 69. f6 Rd2 70. Ke5 Re2+ 71. Kf5 Rf2+ 72. Nf4 Rf1 73. Ra7 1-0

[Variant "Standard"]
[Site "Europe Echecs"]

[Event "Championnat du monde jeunes U10"]
[Date "2024.11.15"]
[White "Zhou, Martin"]
[Black "Radiukevich, Viacheslau"]
[WhiteElo "1776"]
[BlackElo "1484"]
[Round "1.11"]
[Result "1/2-1/2"]
[TimeControl "5400+30"]

1. e4 e5 2. Nf3 Nc6 3. Bb5 a6 4. Ba4 Nf6 5. O-O b5 6. Bb3 Be7 7. Re1 O-O 8. a4 b4 9. d4 Nxd4 10. Nxd4 exd4 11. e5 Ne8 12. Qxd4 c5 13. Qe4 Rb8 14. Bf4 Bb7 15. Qe3 Nc7 16. Nd2 Ne6 17. Bg3 a5 18. Nc4 Qc7 19. Rad1 Qc6 20. f3 Bg5 21. Qf2 Bd8 22. Nd6 Bb6 23. Bd5 c4 24. Bxc6 Bxf2+ 25. Bxf2 Bxc6 26. Nxc4 Bxa4 27. b3 Bb5 28. Nxa5 Rfc8 29. Rd2 Nc5 30. Rd5 Ne6 31. Rc1 Nf4 32. Rcd1 Nxd5 33. Rxd5 Bc6 34. Nxc6 dxc6 35. Rd6 c5 36. Bg3 Ra8 37. Kf2 Ra2 38. Rd2 c4 39. Ke3 c3 40. Re2 Rd8 41. f4 Ra1 42. Bh4 Rd7 43. g4 Rad1 44. Be1 Kf8 45. h4 Ke7 46. Kf3 Ra7 47. Bf2 Rc7 48. Be3 g6 49. Ke4 Rcd7 50. Bc5+ Ke8 51. Bd6 1/2-1/2

[Variant "Standard"]
[Site "Europe Echecs"]

[Event "Championnat du monde jeunes U10"]
[Date "2024.11.15"]
[White "Park, Jaeik"]
[Black "Todmunkh, Turbat"]
[WhiteElo "1477"]
[BlackElo "1773"]
[Round "1.12"]
[Result "0-1"]
[TimeControl "5400+30"]

1. e4 e5 2. Nf3 Nc6 3. Bb5 a6 4. Ba4 Nf6 5. Qe2 b5 6. Bb3 Be7 7. c3 O-O 8. O-O d6 9. Rd1 Na5 10. Bc2 c5 11. d3 Re8 12. Nbd2 Bf8 13. Nf1 h6 14. Ng3 Nc6 15. h3 Qc7 16. Nh4 g6 17. Be3 d5 18. Qf3 dxe4 19. Nxe4 Nxe4 20. Qxe4 Bb7 21. Qg4 Bc8 22. Qg3 Be6 23. Rac1 Qe7 24. d4 cxd4 25. cxd4 exd4 26. Bxd4 Nxd4 27. Rxd4 Bg7 28. Re4 Rac8 29. Re2 Qc7 30. Qxc7 Rxc7 31. b3 Rec8 32. Nxg6 fxg6 33. Rxe6 Rxc2 34.
Rd1 Rc1 35. Rxc1 Rxc1+ 36. Kh2 a5 37.
Rxg6 Rc2 38. f4 Rxa2 39. Rb6 b4 40. f5 Be5+ 41. Kh1 Ra1# 0-1

[Variant "Standard"]
[Site "Europe Echecs"]

[Event "Championnat du monde jeunes U10"]
[Date "2024.11.15"]
[White "Prokhorov, Makar"]
[Black "Shrubok, Herman"]
[WhiteElo "1771"]
[BlackElo "1477"]
[Round "1.13"]
[Result "0-1"]
[TimeControl "5400+30"]

1. e4 c5 2. Nf3 e6 3. d4 cxd4 4. Nxd4 Nf6 5. Bd3 Nc6 6. Be3 d5 7. exd5 Nxd5 8. Nxc6 bxc6 9. Be4 Bb7 10. Bd4 c5 11. Be5 Qb6 12. c4 Nb4 13. Bxb7 Qxb7 14. O-O Be7 15. Qa4+ Qd7 16. Qxd7+ Kxd7 17. Rd1+ Kc6 18. Nc3 f6 19. Bg3 Rhd8 20. a3 Nc2 21. Rac1 Nd4 22. f3 Bd6 23. Bxd6 Rxd6 24. Nb5 Rd7 25. Nxd4+ Rxd4 26. Rxd4 cxd4 27. b4 a5 28. Rc2 axb4 29. axb4 Ra4 30. Rb2 e5 31. Kf2 Ra3 32. Kg3 Rc3 33. b5+ Kb6 34. Rb4 Ra3 35. Kg4 d3 36. c5+ Kxc5 37. b6 Ra8 38. b7 Rb8 39. Rb1 Kc4 40. Kg3 d2 41. Kf2 Rxb7 42. Rd1 Kd3 43. Ra1 Rc7 44. Ra3+ Rc3 45. Ra8 Kc2 46. Ra2+ Kc1 47. Ra1+ Kb2 48. Rd1 Kc2 49. Ra1 d1=Q 50. Rxd1 Kxd1 51. h3 f5 52. Kg3 e4 53. Kf4 e3 54. Kxf5 e2 55. Ke6 e1=Q+ 56. Kd5 Qe7 57. Kd4 Kd2 58. Kd5 Kd3 59. g3 Rc5# 0-1

[Variant "Standard"]
[Site "Europe Echecs"]

[Event "Championnat du monde jeunes U10"]
[Date "2024.11.15"]
[White "Loberti, Tommaso"]
[Black "Anetov, Amirzhan"]
[WhiteElo "1474"]
[BlackElo "1767"]
[Round "1.14"]
[Result "0-1"]
[TimeControl "5400+30"]

1. e4 e5 2. Nf3 Nc6 3. Bb5 f5 4. d3 fxe4 5. dxe4 Nf6 6. Qe2 d6 7. Nc3 a6 8.
Bxc6+ bxc6 9. h3 Be6 10. Bg5 Be7 11. Rd1 Qb8 12. Rb1 O-O 13. O-O Qe8 14. Qe3 Nh5 15. Bxe7 Qxe7 16. Qg5 Qf7 17. Kh2 Nf4 18. Ng1 Bc4 19. Rfe1 Ne6 20. Qg3 Nd4 21. Rbc1 Qxf2 22. Qxf2 Rxf2 23. b3 Be6 24. Nce2 Raf8 25. Nxd4 exd4 26. Red1 c5 27. Kg3 d5 28. Nf3 Re2 29. e5 h5 30. a4 h4+ 31. Kh2 Rxf3 0-1

[Variant "Standard"]
[Site "Europe Echecs"]

[Event "Championnat du monde jeunes U10"]
[Date "2024.11.15"]
[White "Montaigu Dupont, Arthur"]
[Black "Osmolovskii, Nikita"]
[WhiteElo "1767"]
[BlackElo "1468"]
[Round "1.15"]
[Result "0-1"]
[TimeControl "5400+30"]

1. e4 e5 2. Nf3 d6 3. d4 exd4 4. Nxd4 Nf6 5. Nc3 Be7 6. h3 O-O 7. Bd3 Re8 8. O-O Nbd7 9. f3 Ne5 10. Bb5 c6 11. Ba4 b5 12. Bb3 c5 13. Ndxb5 Ba6 14. Re1 Qb6 15. Ba4 Reb8 16. f4 Ng6 17. e5 Ne8 18. Nd5 Qb7 19. Nxe7+ Qxe7 20. exd6 Qd8 21.
d7 Nf6 22. Nd6 Qf8 23. Bc6 Rb6 24.
Bxa8 Rxd6 25. Qf3 Rxd7 26. Bc6 Rc7 27. g3 Qd6 28. Ba8 Qd4+ 29. Qe3 Re7 30. c3 Rxe3 31. Bxe3 Qd8 32. Bf3 Qb6 33. b4 Bb7 34. Bxc5 Qa6 35. Re6 Qb6 36. Rd6 Qxd6 0-1

[Variant "Standard"]
[Site "Europe Echecs"]

[Event "Championnat du monde jeunes U10"]
[Date "2024.11.15"]
[White "McFadden, Oisin"]
[Black "Fattori Dittmar, Luca"]
[WhiteElo "1464"]
[BlackElo "1766"]
[Round "1.16"]
[Result "0-1"]
[TimeControl "5400+30"]

1. e4 e6 2. d4 d5 3. Nc3 dxe4 4. Nxe4 Nd7 5. Bc4 Ngf6 6. Nc3 b6 7. Nf3 Bb7 8. O-O c5 9. d5 exd5 10. Nxd5 Nxd5 11. Bxd5 Bxd5 12. Qxd5 Be7 13. Ne5 Nxe5 14. Qxe5 O-O 15. Re1 Bf6 16. Qg3 Re8 17. Rf1 Qd7 18. c3 Rad8 19. Be3 Qb5 20. Rab1 Rd3 21. Qg4 Red8 22. h3 Qd7 23. Qf4 Rc8 24. Qg4
Rd8 25. Qf4 Qd6 26. Qf5 Qd7 27. Qxd7 R8xd7 28. Rfe1 h6 29. Bf4 Kf8 30. Re3 g5 31. Rxd3 Rxd3 32. Be3 Be7 33. Rc1 f5 34. g3 Bd6 35. Rc2 Bxg3 36. Bxg5 hxg5 37. fxg3 Rxg3+ 38. Kh2 f4 39. Rf2 Ke7 40. h4 Kf6 41. hxg5+ Kxg5 42. Rg2 Rxg2+ 43. Kxg2 Kg4 44.
c4 a6 45. a4 f3+ 46. Kf2 Kf4 47. b3 Ke4 48. Kf1 Kd3 49. Kf2 Kc3 50. Kxf3 Kxb3 51. Ke3 Kxc4 52. Kd2 Kb4 53. a5 Kxa5 54. Kc3 Ka4 55. Kc4 b5+ 56. Kc3 c4 57. Kb2 Kb4 58. Kc2 c3 59. Kb1 Kc4 60. Kc2 b4 61. Kc1 Kd3 62. Kd1 b3 63. Kc1 c2 64. Kb2 Kd2 65. Kxb3 c1=Q 66. Ka2 Qc5 67. Kb3 Qc3+ 68. Ka2 Qb4 69. Ka1 Kc1 70. Ka2 Qb2# 0-1

[Variant "Standard"]
[Site "Europe Echecs"]

[Event "Championnat du monde jeunes U10"]
[Date "2024.11.15"]
[White "Katta, Sriansh"]
[Black "Vukashinovikj, Jovan"]
[WhiteElo "1766"]
[BlackElo "1454"]
[Round "1.17"]
[Result "1-0"]
[TimeControl "5400+30"]

1. e4 e5 2. Nf3 Nf6 3. Nxe5 Nc6 4. Nxc6 dxc6 5. d3 Bc5 6. Be2 Ng4 7. Bxg4 Qh4 8. Qf3 Bxg4 9. Qg3 Qh5 10. Nc3 O-O-O 11. Bf4 Bd6 12. Bxd6 cxd6 13. f3 Be6 14. O-O-O Qa5 15. a3 Qb6 16. Rhe1 g6 17. f4 Rhe8 18. Qf3 f5 19. exf5 gxf5 20. d4 Bf7 21. Qd3 Bg6 22. h4 h5 23. Qg3 Rg8 24. Re7 Rd7 25. Rxd7 Kxd7 26. d5 c5 27. Re1 Qa5 28. Re6 Bf7 29. Qe3 Qd8 30. Nb5 Qxh4 31. Rxd6+ Kc8 32. Qxc5+ Kb8 33. Qxa7+ Kc8 34. Qa8# 1-0

[Variant "Standard"]
[Site "Europe Echecs"]

[Event "Championnat du monde jeunes U10"]
[Date "2024.11.15"]
[White "Button-Rabl, Jiban"]
[Black "Santoro, Marco Antonio"]
[WhiteElo "1435"]
[BlackElo "1765"]
[Round "1.18"]
[Result "1/2-1/2"]
[TimeControl "5400+30"]

1. e4 d6 2. d4 Nf6 3. Bd3 e5 4. c3 Nbd7 5. Bg5 h6 6. Bh4 Be7 7. Bg3 c6 8. Nd2 Qc7 9. Ngf3 a6 10. a4 b5 11. axb5 cxb5 12. dxe5 dxe5 13. Bxb5 O-O 14. Bxd7 Nxd7 15. O-O Rd8 16. Qc2 Bb7 17. Rfd1 Rac8 18. Nf1 f6 19. Ne3 Nc5 20. Nd5 Bxd5 21. exd5 Qb7 22. b4 e4 23. bxc5 exf3 24. c6 Qb5 25. Qf5 Rxc6 26. Qe4 Qe2 27. Re1 Qxe4 28. Rxe4 Rxd5 29. Rxe7 Rxc3 30.
gxf3 Rxf3 31. Kg2 Rff5 32. Rxa6 Rg5 33.
h4 Rg6 34. Ra8+ Kh7 35. Ree8 Rg4 36.
Kh3 Rc4 37. Ra7 h5 38. f3 Kh6 39. Rh8+ Kg6 40. Rg8 Rc1 41. Rgxg7+ Kf5 42. Ra2 Rh1+ 43. Kg2 Rhd1 44. Bf2 R1d2 45. Raa7 R5d4 46. Kg3 R4d3 47. Ra5+ Rd5 48. Rxd5+ Rxd5 49. Be3 Rd3 50. Bf4 Rd1 51. Be3 Rd3 52. Kf2 Rd5 53. Rh7 Kg6 54. Rh6+ Kg7 55. Ke2 Re5 56. Kf2 Rd5 57. Kg3 Re5 58. Bd2 Rd5 59. Bc1 Rc5 60. Kf2 Rc2+ 61. Kg3 Rxc1 62. Rxh5 Kg6 63. Rd5 Rg1+ 64. Kh2 Rf1 65. Kg2 Ra1 66. Rd4 Kh5 67. Rf4 Kg6 68. Rg4+ Kh5 69. Kg3 Rg1+ 70. Kh3 Rh1+ 1/2-1/2

[Variant "Standard"]
[Site "Europe Echecs"]

[Event "Championnat du monde jeunes U10"]
[Date "2024.11.16"]
[White "Fattori Dittmar, Luca"]
[Black "Anand, Tsogtbileg"]
[WhiteElo "1766"]
[BlackElo "1974"]
[Round "2.18"]
[Result "0-1"]
[TimeControl "5400+30"]

1. e4 c5 2. Nf3 d6 3. d4 cxd4 4. Nxd4 Nf6 5. Nc3 a6 6. Be3 e5 7. Nb3 Be6 8. Be2 Be7 9. O-O Nbd7 10. f3 Rc8 11. Qd2 Nb6 12. Rad1 Nc4 13. Bxc4 Bxc4 14. Rf2 b5 15. Nd5 Nxd5 16. exd5 O-O 17. Na5 Bxd5 18. Qxd5 Qxa5 19. Bd2 Qb6 20. Bb4 Rxc2 21. Rd2 Rc1+ 22. Rd1 Rxd1+ 23. Qxd1 a5 24. Bd2 d5 25. Qe1 Bc5 0-1

[Variant "Standard"]
[Site "Europe Echecs"]

[Event "Championnat du monde jeunes U10"]
[Date "2024.11.16"]
[White "Burba, Mikita"]
[Black "Akramov, Khasan"]
[WhiteElo "1528"]
[BlackElo "1835"]
[Round "2.33"]
[Result "1-0"]
[TimeControl "5400+30"]

1. e4 c5 2. Nf3 Nc6 3. d4 cxd4 4. Nxd4 g6 5. Nc3 Bg7 6. Be3 Nf6 7. Bc4 O-O 8. Bb3 Re8 9. f3 e6 10. f4 d6 11. Ndb5 Re7 12. O-O Ne8 13. Nd4 Na5 14. Qf3 Nxb3 15. axb3 Nf6 16. h3 e5 17. fxe5 Rxe5 18. Bf4 Rh5 19. Qf2 Bxh3 20. gxh3 Rxh3 21. Bg5 Qd7 22. Nf5 Rh5 23. Bxf6 Bxf6 24. Ng3 Qg4 25. Ne2 Be5 26. Qxf7+ Kh8 27. Qf3 Qg5 28. Rxa7 Rg8 29. Rf2 Rh3 30. Rg2 Qh6 31. Rxb7 Ra8 32. Rf7 Bg7 33. Qf1 Qe3+ 34. Qf2 Ra1+ 35. Nf1 Qh6 36. Ng3 Rd1 37. Rxg7 Qxg7 38. Qb6 Qf6 39. Qb8+ Kg7 40. Qa7+ Kg8 41. Qa8+ Kf7 42. Qb7+ Ke8 43. Qc8+ Ke7 44. Qxh3 h5 45. Rf2 Qg5 46. Qg2 Qh4 47. Qf3 1-0

[Variant "Standard"]
[Site "Europe Echecs"]

[Event "Championnat du monde jeunes U10"]
[Date "2024.11.16"]
[White "Bulat, Mansur"]
[Black "Akramov, Khusan"]
[WhiteElo "1610"]
[BlackElo "1782"]
[Round "2.40"]
[Result "0-1"]
[TimeControl "5400+30"]

1. e4 c6 2. d4 d5 3. exd5 cxd5 4. c4 Nf6 5. Nc3 g6 6. c5 Bg7 7. Nf3 O-O 8. Bd3 b6 9. b4 a5 10. Ba3 axb4 11. Bxb4 Nc6 12. a3 Bg4 13. Be2 bxc5 14. Bxc5 Ne4 15. Rc1 Qa5 16. Qd3 Nxc5 17. dxc5 Bf5 18. Qd2 d4 19. Nd5 d3 20. Bd1 Qxd2+ 21. Nxd2 Rxa3 22. Ne3 Bc3 23. Nc4 Bxd2+ 24. Nxd2 Nd4 25. g4 Be6 26. f3 f5 27. h3 fxg4 28. hxg4 Bd5 29. Rf1 Rf6 30. Nc4 Bxc4 31. Rxc4 Nc6 32. Re4 Rf8 33. Rf2 Rd8 34. Rd2 Rd5 35. Re3 Kf7 36. f4 Rd4 37. Bf3 Nb4 38. Re4 Nc2+ 39. Kf2 Raa4 40. Rxd4 Rxd4 41. c6 Ke8 42. f5 g5 43. Kg3 Kd8 44. Bd1 Ne3 45. Kf2 Nc4 46. Ra2 Rf4+ 47. Kg3 Kc7 48. Bf3 d2 49. Ra7+ Kb8 50. Rb7+ Kc8 51. Rb1 Ne3 52. Be2 Nd5 53. Rb3 Re4 54. Kf2 Nf4 55. Bf3 Re1 56. Re3 Nh3+ 57. Kg2 Rxe3 58. f6 exf6 59. c7 Nf4+ 60. Kf2 Rxf3+ 61. Kxf3 d1=Q+ 62. Kg3 Qd2 63. Kf3 Qe2+ 64. Kg3 Qg2# 0-1

[Variant "Standard"]
[Site "Europe Echecs"]

[Event "Championnat du monde jeunes U10"]
[Date "2024.11.16"]
[White "Ostapenko, Volodymyr"]
[Black "Gim, Hajin"]
[WhiteElo "1720"]
[BlackElo "1603"]
[Round "2.2"]
[Result "0-1"]
[TimeControl "5400+30"]

1. e4 c5 2. d4 cxd4 3. c3 Nf6 4. e5 Nd5 5. cxd4 d6 6. Nf3 Nc6 7. Bc4 Nb6 8. Bb3 dxe5 9. dxe5 Qxd1+ 10. Bxd1 Bg4 11. O-O O-O-O 12. Bf4 g6 13. Nbd2 Bg7 14. Rc1 Nd5 15. Bg3 Bh6 16. Ba4 Bxf3 17. Nxf3 Bxc1 18. Rxc1 Nc7 19. h3 Rd5 20. e6 Nxe6 21. Ne5 Nd4 22. Kf1 Ra5 23. b3 f6 24. Nd3 b5 25. Nb4 Kb7 26. Nd3 bxa4 27. Nc5+ Ka8 28. bxa4 e5 29. f3 Nb4 30. Be1 Ndc2 31. Rxc2 Nxc2 32. Bxa5 Rc8 33. Nd7 Rc6 34. Nf8 Rc8 35. Nxh7 Ne3+ 36. Kf2 Nd5 37. f4 Rh8 38. Nxf6 Nxf6 39. fxe5 Rh5 40. Bc7 Rf5+ 41. Ke2 Ne8 42. g4 Rg5 43. Bd8 Rxe5+ 44. Kf3 g5 45. h4 gxh4 46. Bxh4 Kb7 47. Kf4 Ra5 48. a3 Kc6 49. Be7 Kd7 50. Bb4 Rd5 51. a5 a6 52. Ke3 Ke6 53. g5 Kf5 54. g6 Kxg6 55. Ke4 Nf6+ 56. Ke3 Kf5 57. Bc3 Ng4+ 58. Ke2 Ke4 59. Be1 Ne3 60. Bc3 Nc4 61. Ke1 0-1

[Variant "Standard"]
[Site "Europe Echecs"]

[Event "Championnat du monde jeunes U10"]
[Date "2024.11.16"]
[White "Veber, Tibor"]
[Black "Lenkov, Stanislav"]
[WhiteElo "1532"]
[BlackElo "1693"]
[Round "2.10"]
[Result "1/2-1/2"]
[TimeControl "5400+30"]

1. e4 c5 2. Nf3 e6 3. d4 cxd4 4. Nxd4 Nf6 5. Nc3 Nc6 6. Bg5 Be7 7. Be3 d5 8. exd5 Nxd5 9. Nxc6 bxc6 10. Nxd5 cxd5 11. Bb5+ Bd7 12. Bxd7+ Qxd7 13. O-O Bf6 14. c3 Rb8 15. Qc2 O-O 16. Rfe1 Qc7 17. Rad1 Rfd8 18. Re2 Rdc8 19. Rc1 Qa5 20. Bf4 Rb7 21. a3 d4 22. c4 Rd8 23. Qd3 e5 24. Bg3 Re8 25. b4 Qc7 26. f4 Qd6 27. Rce1 Rbe7 28. fxe5 Bxe5 29. Bxe5 Rxe5 30. Rxe5 Rxe5 31. Rxe5 Qxe5 32. Kf2 Qf4+ 33. Qf3 Qd2+ 34. Qe2 Qf4+ 35. Qf3 1/2-1/2

[Variant "Standard"]
[Site "Europe Echecs"]

[Event "Championnat du monde jeunes U10"]
[Date "2024.11.17"]
[White "Sameh Mohamed, Abdalrahman"]
[Black "Melkonyan, Davit"]
[WhiteElo "2238"]
[BlackElo "1842"]
[Round "3.1"]
[Result "1-0"]
[TimeControl "5400+30"]

1. d4 d5 2. e4 dxe4 3. Nc3 Nf6 4. f3 Bf5 5. Bg5 Nbd7 6. Bc4 h6 7. Bh4 e3 8. g4 Bg6 9. Qe2 e6 10. O-O-O Be7 11. Nh3 Nb6 12. Bb3 Nfd5 13. Nxd5 Nxd5 14. Bxe7 Nxe7 15. Qxe3 O-O 16. Nf4 Qd6 17. h4 a5 18. a3 a4 19. Ba2 Bh7 20. Rhg1 Nd5 21. Bxd5 exd5 22. g5 Ra6 23. gxh6 Qxh6 24. Rg5 Rc6 25. c3 Kh8 26. Rdg1 Rg8 27. Rh5 Qf6 28. Nh3 Re6 29. Ng5 Rge8 30. Rxh7+ Kg8 31. Nxe6 Rxe6 32. Rgxg7+ Kf8 33. Rxf7+ 1-0

[Variant "Standard"]
[Site "Europe Echecs"]

[Event "Championnat du monde jeunes U10"]
[Date "2024.11.17"]
[White "Zabelin, Platon"]
[Black "Shogdzhiev, Roman"]
[WhiteElo "1870"]
[BlackElo "2202"]
[Round "3.2"]
[Result "0-1"]
[TimeControl "5400+30"]

1. d4 d5 2. c4 c6 3. cxd5 cxd5 4. Nc3 Nf6 5. Nf3 Nc6 6. Bf4 Bf5 7. e3 e6 8. Bb5 Nd7 9. O-O Be7 10. Rc1 Rc8 11. a3 a6 12. Bxc6 Rxc6 13. Ne5 Nxe5 14. Bxe5 O-O 15. Qd2 Qa5 16. Ne4 Qxd2 17. Nxd2 Rfc8 18. Nb3 f6 19. Bg3 Rc2 20. Rfd1 R8c4 21. f3 Rxb2 22. e4 Rxb3 23. Rxc4 dxc4 24. exf5 c3 25.
Bf4 Bxa3 26. fxe6 c2 27. Rf1 Rb1 28. e7 Kf7 0-1

[Variant "Standard"]
[Site "Europe Echecs"]

[Event "Championnat du monde jeunes U10"]
[Date "2024.11.17"]
[White "Zuo, Junyu"]
[Black "Nguyen Truong An Khang"]
[WhiteElo "2120"]
[BlackElo "1836"]
[Round "3.3"]
[Result "0-1"]
[TimeControl "5400+30"]

1. e4 e5 2. Bc4 Nf6 3. d3 Nc6 4. Nf3 Bc5 5. c3 O-O 6. O-O d5 7. exd5 Nxd5 8. Re1 Bg4 9. h3 Bh5 10. Nbd2 Nb6 11. Bb3 Qxd3 12. Nxe5 Qf5 13. Nef3 Rad8 14. Bc2 Qd7 15. Qe2 Nd5 16. Ne4 Be7 17. Ng3 Bg6 18. Bxg6 hxg6 19. Bg5 Rfe8 20. Qc4 Nf6 21. b4 Qd5 22. Qh4 b5 23. a4 a6 24. axb5 axb5 25. Ra6 Ra8 26. Rxa8 Rxa8 27. Nd4 Nxd4 28. Rxe7 Ra1+ 29. Kh2 Nf3+ 30. gxf3 Qd1 31. Ne2 Qh1+ 32. Kg3 Nh5+ 0-1

[Variant "Standard"]
[Site "Europe Echecs"]

[Event "Championnat du monde jeunes U10"]
[Date "2024.11.17"]
[White "Wang, Rocky"]
[Black "Zhu, Linxi"]
[WhiteElo "1853"]
[BlackElo "2100"]
[Round "3.4"]
[Result "0-1"]
[TimeControl "5400+30"]

1. e4 c5 2. Nf3 d6 3. d4 cxd4 4. Nxd4 Nf6 5. Nc3 a6 6. Rg1 Nc6 7. g4 g6 8. g5 Nd7 9. Be3 h6 10. h4 hxg5 11. hxg5 Bg7 12. Qd2 Nde5 13. Be2 Ng4 14. Bxg4 Bxg4 15. f4 Qc8 16. Nd5 Nxd4 17. Bxd4 Bxd4 18. Qxd4 Rh2 19. c4 Rb8 20. Nb6 Qe6 21. Rg2 Rh4 22. Nd5 Rc8 23. Kf2 b5 24. Qa7 Kf8 25. Ne3 Qxe4 26. Nd5 Rxc4 27. Ne3 Qxf4+ 28. Kg1 Rc5 29. Re1 Re5 30. Nc2 Rxe1+ 31. Nxe1 Bh3 32. Qa8+ Kg7 33. Rf2 Qxg5+ 34. Ng2 Bxg2 35. Rxg2 Qc1+ 36. Kf2 Rf4+ 37.
Ke2 Qf1+ 38. Kd2 Rd4+ 0-1

[Variant "Standard"]
[Site "Europe Echecs"]

[Event "Championnat du monde jeunes U10"]
[Date "2024.11.17"]
[White "Mulay, Vivan Prakash"]
[Black "Xia, Joshua"]
[WhiteElo "1823"]
[BlackElo "2052"]
[Round "3.5"]
[Result "1-0"]
[TimeControl "5400+30"]

1. e4 c5 2. Nf3 d6 3. d4 cxd4 4. Nxd4 Nf6 5. f3 e5 6. Nb3 d5 7. Bg5 d4 8. c3 Nc6 9. Bb5 h6 10. Bh4 Qb6 11. Bxc6+ bxc6 12. cxd4 a5 13. dxe5 Bb4+ 14. Nc3 Bxc3+ 15. bxc3 Qe3+ 16.
Qe2 Qxc3+ 17. Qd2 Qxe5 18. Bg3 Qb5 19.
Bd6 Ba6 20. Nd4 Qg5 21. f4 Qg6 22. Nf5 Bb5 23. Qd4 Nd7 24. Nxg7+ Kd8 25. Ne6+ Kc8 26. Qxh8+ Kb7 27. Qd4 Qxg2 28. O-O-O fxe6 29. a4 c5 30. Qd2 Qxd2+ 31. Rxd2 Bxa4 32. Rg1 Bb3 33. Rg7 Kc6 34. f5 exf5 35. exf5 c4 36. Kb2 Rc8 37. Ba3 Ne5 38. Kc3 Re8 39. Re2 Bd1 40. Re1 Ba4 41. f6 Rd8 42. Rxe5 Rd3+ 43. Kxc4 Rxa3 44. Re6# 1-0

[Variant "Standard"]
[Site "Europe Echecs"]

[Event "Championnat du monde jeunes U10"]
[Date "2024.11.17"]
[White "Filipovs, Sergejs"]
[Black "Ramesan, Raunak Amit"]
[WhiteElo "2012"]
[BlackElo "1802"]
[Round "3.6"]
[Result "0-1"]
[TimeControl "5400+30"]

1. e4 e5 2. Nf3 Nc6 3. d4 exd4 4. Nxd4 Nf6 5. Nxc6 bxc6 6. Bd3 d5 7. e5 Ng4 8. O-O Bc5 9. Qe2 Qe7 10. Bf4 g5 11. Bd2 Nxe5 12. Re1 Nxd3 13. Qxd3 Be6 14. b4 Bb6 15. Nc3 Qf6 16. Qg3 h6 17. b5 O-O-O 18. bxc6 Rd6 19. Nb5 Rxc6 20. c4 Rxc4 21. Rac1 Rg8 22. a4 a6 23. Rxc4 dxc4 24. Nc3 Rd8 25. Ne4 Qf5 26. Qc3 Bd5 27. a5 Ba7 0-1

[Variant "Standard"]
[Site "Europe Echecs"]

[Event "Championnat du monde jeunes U10"]
[Date "2024.11.17"]
[White "Tulegen, Ramazan"]
[Black "Ten Dam, Bram"]
[WhiteElo "1818"]
[BlackElo "2012"]
[Round "3.7"]
[Result "1-0"]
[TimeControl "5400+30"]

1. e4 c5 2. Nf3 d6 3. d4 cxd4 4. Nxd4 Nf6 5. Nc3 g6 6. Be3 Bg7 7. f3 Nc6 8. Qd2 h5 9. O-O-O O-O 10. Bc4 Bd7 11. h3 Na5 12. Bb3 Rb8 13. g4 b5 14. Nd5 Nxb3+ 15. cxb3 h4 16. Bh6 Nh7 17. Bxg7 Kxg7 18. Kb1 Rc8 19. Rhg1 a5 20. Nf5+ gxf5 21. gxf5+ Kh8 22. Qh6 Rg8 23. Rxg8+ Qxg8 24. Nxe7 Qg5 25. Qxd6 Rd8 26. Nd5 Bxf5 27. Qe5+ Nf6 28. Ka1 Re8 29. Qxf6+ Qxf6 30. Nxf6 Re6 31. Nh5 Bg6 32. Nf4 Rf6 33. Nxg6+ Rxg6 34. a4 b4 35. Rd5 Rg3 36. Rh5+ Kg7 37. Rxh4 Rxf3 38. Rh5 Rxb3 39. Rxa5 Re3 40. Ka2 Rxe4 41. Rb5 Kg6 42. a5 f5 43. Rb6+ Kg5 44. a6 Re5 45. Kb3 Ra5 46. Kxb4 Ra1 47. Kb5 f4 48. Rb8 Ra2 49. b4 f3 50. Rf8 f2 51. a7 Rxa7 52. Rxf2 1-0

[Variant "Standard"]
[Site "Europe Echecs"]